[Event "Schack-SM 2022: Mastarklassen"]
[Site "Fyrishov, Idrottsgatan 2, Uppsala, Sweden"]
[Date "2022.07.10"]
[Round "9.6"]
[White "Hammarstrom, Ulf"]
[Black "Styf, Josef"]
[Result "1/2-1/2"]
[TimeControl "90 minutes for 40 moves + 30 minutes for the rest of the game + 30 seconds per move from move one."]
[WhiteFideId "1710214"]
[BlackFideId "1708279"]
[WhiteElo "2233"]
[BlackElo "2048"]

1. d4 Nf6 2. Bf4 d6 3. e3 g6 4. Nf3 Bg7 5. Be2 O-O 6. h3 c5 7. c3 Nc6 8. O-O Bf5 9. Nbd2 cxd4 10. exd4 Nd5 11. Bh2 e5 12.
dxe5 dxe5 13. Nb3 e4 14. Nfd4 Be5 15. Nxf5 Bxh2+ 16. Kxh2 gxf5 17. Qd2 Qd6+ 18. Kh1 Rad8 19. Bc4 Nb6 20. Qxd6 Rxd6 21. Be2 Na4 22. Rab1 a6 23. Rfc1 Kg7 24. Kg1 Kf6 25. Kf1 f4 26. Rd1 Rfd8 27. Rxd6+ Rxd6 28. Ke1 Ke5 29. Nd2 Na5 30. Bd1 Nb6 31. Nb3 Nxb3 32. Bxb3 f5 33. Ke2 Nd7 1/2-1/2

[Event "Schack-SM 2022: Mastarklassen"]
[Site "Fyrishov, Idrottsgatan 2, Uppsala, Sweden"]
[Date "2022.07.10"]
[Round "9.7"]
[White "Joensson, Jacob"]
[Black "Eriksson, Jorgen"]
[Result "1/2-1/2"]
[TimeControl "90 minutes for 40 moves + 30 minutes for the rest of the game + 30 seconds per move from move one."]
[WhiteFideId "1726315"]
[BlackFideId "1701967"]
[WhiteElo "1947"]
[BlackElo "2200"]

1. d4 e6 2. c4 d5 3. Nf3 Nf6 4. Nc3 Bb4 5. Bg5 Nbd7 6. e3 c5 7. cxd5 exd5 8. Bd3 Qa5 9. Qc2 c4 10.
Bf5 O-O 11. O-O Re8 12. Bf4 g6 13. Bh3 Nb6 14. Bxc8 Raxc8 15. Be5 Nbd7 16. Rfe1 Ne4 17. Rac1 Rc6 18. Re2 f6 19. Bf4 Rce6 20.
h4 Kg7 21. Nd2 Nxd2 22. Qxd2 Bd6 23. Bxd6 Rxd6 24. Rce1 f5 25. h5 Nf6 26. h6+ Kg8 27. f3 Rde6 28. Kf1 Qd8 29. Kf2 a6 30.
a4 Qd6 31. g3 Qf8 32. Rh1 Qe7 33. Rhe1 b6 34. Qc2 Qd7 35. Kg2 Qd6 36. e4 fxe4 37. fxe4 dxe4 38. d5 Re5 39. Qd2 b5 40.
axb5 axb5 41. Qd4 Rg5 42. Re3 b4 43. Rf1 bxc3 44. Rxf6 Qe5 45. Qxc3 Qxc3 46. Rxc3 Rxd5 47. Rf2 e3 48.
Re2 Rd2 49. Kf3 Rxe2 50. Kxe2 Rb8 51. Rxc4 Rxb2+ 52. Kxe3 Rh2 53. Rc8+ Kf7 54. Rc7+ 1/2-1/2

[Event "Schack-SM 2022: Mastarklassen"]
[Site "Fyrishov, Idrottsgatan 2, Uppsala, Sweden"]
[Date "2022.07.10"]
[Round "9.8"]
[White "Carlstrom, Niklas"]
[Black "Mardell, Jimmy"]
[Result "1/2-1/2"]
[TimeControl "90 minutes for 40 moves + 30 minutes for the rest of the game + 30 seconds per move from move one."]
[WhiteFideId "1704648"]
[BlackFideId "1705610"]
[WhiteElo "2125"]
[BlackElo "2161"]

1. e4 c5 2. c3 d5 3. exd5 Qxd5 4. d4 Nc6 5. Nf3 cxd4 6. cxd4 e5 7. Nc3 Bb4 8. Bd2 Bxc3 9. Bxc3 e4 10.
Ne5 Nxe5 11. dxe5 Ne7 12. Qxd5 Nxd5 13. Bb5+ Bd7 14. O-O-O Bxb5 15. Rxd5 1/2-1/2

[Event "Schack-SM 2022: Mastarklassen"]
[Site "Fyrishov, Idrottsgatan 2, Uppsala, Sweden"]
[Date "2022.07.10"]
[Round "9.1"]
[White "Lind, Jan-Olov"]
[Black "Johansson, Thomas"]
[Result "1/2-1/2"]
[TimeControl "90 minutes for 40 moves + 30 minutes for the rest of the game + 30 seconds per move from move one."]
[WhiteFideId "1701193"]
[BlackFideId "1708244"]
[WhiteElo "2173"]
[BlackElo "2231"]

1. Nf3 d5 2. g3 c6 3. Bg2 Nf6 4. O-O Bf5 5. d3 e6 6. Nbd2 h6 7. Qe1 Bh7 8. e4 Be7 9. Qe2 O-O 10.
b3 a5 11. a3 Nbd7 12. Bb2 Qc7 13. e5 Ne8 14. Ne1 a4 15. b4 b5 16. d4 Qd8 1/2-1/2

[Event "Schack-SM 2022: Mastarklassen"]
[Site "Fyrishov, Idrottsgatan 2, Uppsala, Sweden"]
[Date "2022.07.10"]
[Round "9.2"]
[White "Crevatin, Leo"]
[Black "Tiger-Norqvist, Axel"]
[Result "1/2-1/2"]
[TimeControl "90 minutes for 40 moves + 30 minutes for the rest of the game + 30 seconds per move from move one."]
[WhiteTitle "CM"]
[WhiteFideId "1726307"]
[BlackFideId "1716816"]
[WhiteElo "2259"]
[BlackElo "2239"]

1. d4 Nf6 2. c4 g6 3. Nc3 Bg7 4. e4 O-O 5. Nf3 d6 6. Be2 e5 7. Be3 exd4 8. Nxd4 Nc6 9. O-O Re8 10.
f3 a6 11. Rc1 Bd7 12. Qd2 Rb8 13. Nc2 Ne5 14. a4 Be6 15. b3 Nc6 16. Nd5 Nd7 17. b4 f5 18. Bg5 Nf6 19. b5 Ne5 20.
exf5 Bxf5 21. Nd4 Bd7 22. Qf4 Rf8 23. Qh4 c6 24. Nxf6+ Bxf6 25. Bxf6 Qxf6 26. Qxf6 Rxf6 27. f4 1/2-1/2

[Event "Schack-SM 2022: Mastarklassen"]
[Site "Fyrishov, Idrottsgatan 2, Uppsala, Sweden"]
[Date "2022.07.10"]
[Round "9.3"]
[White "Strom-Engdahl, Alexander"]
[Black "Eriksson, Dan"]
[Result "0-1"]
[TimeControl "90 minutes for 40 moves + 30 minutes for the rest of the game + 30 seconds per move from move one."]
[WhiteFideId "1741586"]
[BlackFideId "1710095"]
[WhiteElo "2077"]
[BlackElo "2246"]

1. c4 e5 2. Nc3 Nf6 3. g3 c6 4. d4 exd4 5. Qxd4 d5 6. Bg5 Nbd7 7. Nf3 Bc5 8. Qd2 Qb6 9. Be3 Bxe3 10.
Qxe3+ Qxe3 11. fxe3 dxc4 12. Rc1 O-O 13. h3 Re8 14. Kf2 Nb6 15. Nd2 Bf5 16. Bg2 Rad8 17. Rhd1 g5 18. g4 Bg6 19.
b3 cxb3 20. axb3 h6 21. Nc4 Nxc4 22. bxc4 Rxd1 23. Rxd1 Kg7 24. Rd2 Be4 25. Bxe4 Nxe4+ 26. Nxe4 Rxe4 27. Rd7 b6 28. c5 Re5 29.
Rxa7 Rxc5 30. Rb7 b5 31. e4 Kf6 32. Kf3 Rc3+ 33. e3 Ke6 34. Ke2 Rc1 35. Kd2 Rf1 36. Ke2 Rf6 37. Kd3 Ke5 38.
Re7+ Kd6 39. Rb7 Rf2 40. Kc3 Kc5 41. e5 Kd5 42. Re7 c5 43. e4+ Kxe4 44. e6 fxe6 45. Rxe6+ Kd5 46. Rxh6 b4+ 47.
Kb3 Rf3+ 48. Kb2 c4 49. Rh5 Kd4 50. Rxg5 Rxh3 51. Rf5 Rh2+ 52. Kc1 c3 53. Rf4+ Kd3 54. Rf3+ Kc4 55. Rf4+ Kb3 56.
Rf1 Rg2 0-1

[Event "Schack-SM 2022: Mastarklassen"]
[Site "Fyrishov, Idrottsgatan 2, Uppsala, Sweden"]
[Date "2022.07.10"]
[Round "9.4"]
[White "Malmstig, Erik"]
[Black "Landgren, Andreas"]
[Result "0-1"]
[TimeControl "90 minutes for 40 moves + 30 minutes for the rest of the game + 30 seconds per move from move one."]
[WhiteTitle "FM"]
[BlackTitle "FM"]
[WhiteFideId "1702866"]
[BlackFideId "1704311"]
[WhiteElo "2204"]
[BlackElo "2224"]

1. d4 Nf6 2. c4 e6 3. Nc3 Bb4 4. e3 O-O 5. Bd3 d5 6. Nf3 c5 7. a3 Bxc3+ 8. bxc3 dxc4 9. Bxc4 Qc7 10.
Ba2 b6 11. O-O Bb7 12. Ne5 Nc6 13. Nf3 Rad8 14. Bb2 e5 15. Qc2 Rd7 16. Qf5 exd4 17. cxd4 Ne7 18. Qh3 Ne4 19. Rac1 Rd6 20.
Ne5 Rh6 21. Qg4 Ng6 22. f3 Nxe5 23. dxe5 Rg6 24. Qf4 Ng5 25. Kh1 Ne6 26. Qc4 Qe7 27. Bb1 Rh6 28. Rcd1 Qg5 29. Rd7 Qg3 30. h3 Rxh3+ 31. Kg1 Qh2+ 32.
Kf2 Rxf3+ 33. Ke1 Rxf1+ 34. Qxf1 Bxg2 35. Qf5 g6 36. Qc2 Qg1+ 37. Kd2 Qf2+ 38. Kc1 Qxe3+ 39. Qd2 Qg1+ 40. Qd1 Qxd1+ 41. Kxd1 Rd8 42. Rd6 Kf8 43. Ba2 Ke7 44. Bxe6 Rxd6+ 45. exd6+ Kxe6 46. Be5 Bc6 47. Bh2 g5 0-1

[Event "Schack-SM 2022: Mastarklassen"]
[Site "Fyrishov, Idrottsgatan 2, Uppsala, Sweden"]
[Date "2022.07.10"]
[Round "9.5"]
[White "Sundin, Emanuel"]
[Black "Johnson, Daniel"]
[Result "1/2-1/2"]
[TimeControl "90 minutes for 40 moves + 30 minutes for the rest of the game + 30 seconds per move from move one."]
[WhiteFideId "1719173"]
[BlackFideId "1721283"]
[WhiteElo "2160"]
[BlackElo "2191"]

1. e4 e5 2. Nf3 Nc6 3. Bc4 Bc5 4. c3 Nf6 5. d4 exd4 6. e5 d5 7. Bb5 Ne4 8. cxd4 Bb6 9. Nc3 O-O 10.
Be3 Bg4 11. h3 Bh5 12. Qc2 Nxc3 13. bxc3 f6 14. Bxc6 Bxf3 15. gxf3 bxc6 16. f4 Qe7 17. a4 a5 18. Qa2 Rad8 19.
Qa3 Qe6 20. O-O-O Rb8 21. h4 Rb7 22. h5 Rfb8 23. Qa2 Ba7 24. Qc2 Qe7 25. Qa2 Rb3 26. Rhg1 Rxc3+ 27. Kd2 Rcb3 28. Ke1 Rb2 29.
Qa1 fxe5 30. h6 g6 31. fxe5 Qf7 32. Rg3 Qf5 33. Qc1 Rb1 34. Qxc6 Rxd1+ 35. Kxd1 Qd3+ 36. Ke1 Qb1+ 37. Bc1 Qb4+ 38.
Bd2 Qb1+ 39. Bc1 Qb4+ 40. Bd2 Qb1+ 1/2-1/2

[Event "Schack-SM 2022: Mastarklassen"]
[Site "Fyrishov, Idrottsgatan 2, Uppsala, Sweden"]
[Date "2022.07.09"]
[Round "8.1"]
[White "Mardell, Jimmy"]
[Black "Lind, Jan-Olov"]
[Result "0-1"]
[TimeControl "90 minutes for 40 moves + 30 minutes for the rest of the game + 30 seconds per move from move one."]
[WhiteFideId "1705610"]
[BlackFideId "1701193"]
[WhiteElo "2161"]
[BlackElo "2173"]

1. d4 Nf6 2. c4 g6 3. Nc3 Bg7 4. e4 d6 5. Be2 O-O 6. g4 c5 7. d5 e6 8. g5 Ne8 9. h4 Nc7 10.
h5 exd5 11. cxd5 b5 12. hxg6 fxg6 13. Qc2 Qe8 14. a4 b4 15. Nb5 Qf7 16. Nxc7 Qxc7 17. Bd2 Qe7 18. f3 Nd7 19. O-O-O b3 20.
Qb1 Nb6 21. Bc3 Bxc3 22. bxc3 Qxg5+ 0-1

[Event "Schack-SM 2022: Mastarklassen"]
[Site "Fyrishov, Idrottsgatan 2, Uppsala, Sweden"]
[Date "2022.07.09"]
[Round "8.2"]
[White "Landgren, Andreas"]
[Black "Crevatin, Leo"]
[Result "0-1"]
[TimeControl "90 minutes for 40 moves + 30 minutes for the rest of the game + 30 seconds per move from move one."]
[WhiteTitle "FM"]
[BlackTitle "CM"]
[WhiteFideId "1704311"]
[BlackFideId "1726307"]
[WhiteElo "2224"]
[BlackElo "2259"]

1. e4 c6 2. d4 d5 3. e5 Bf5 4. h4 h5 5. Bd3 Bxd3 6. Qxd3 Qa5+ 7. Nd2 e6 8. Ngf3 Ne7 9. O-O Nf5 10.
b3 Qa6 11. c4 Be7 12. g3 O-O 13. Rd1 Rd8 14. Qc2 c5 15. dxc5 Nc6 16. cxd5 Rxd5 17. Bb2 Nb4 18. Qc4 Qxc4 19.
Nxc4 Bxc5 20. Kg2 Nd3 21. Rd2 b5 22. Nd6 Nxd6 23. exd6 Bb4 24. Rc2 Nxb2 25. a3 Ba5 26. b4 Bd8 27.
Rac1 Nc4 0-1

[Event "Schack-SM 2022: Mastarklassen"]
[Site "Fyrishov, Idrottsgatan 2, Uppsala, Sweden"]
[Date "2022.07.09"]
[Round "8.3"]
[White "Johnson, Daniel"]
[Black "Malmstig, Erik"]
[Result "1/2-1/2"]
[TimeControl "90 minutes for 40 moves + 30 minutes for the rest of the game + 30 seconds per move from move one."]
[BlackTitle "FM"]
[WhiteFideId "1721283"]
[BlackFideId "1702866"]
[WhiteElo "2191"]
[BlackElo "2204"]

1. d4 Nf6 2. Nc3 c5 3. d5 d6 4. e4 g6 5. Bc4 Bg7 6. Nf3 Bg4 7. h3 Bxf3 8. Qxf3 Nbd7 9. Be2 a6 10.
a4 Qc7 11. O-O O-O 12. Bg5 Rae8 13. Rad1 Kh8 14. Qg3 Ng8 15. Rfe1 Ne5 16. Bc1 Nd7 17. h4 h5 18. b3 Nh6 19.
Bb2 Ne5 20. Nb1 Rb8 21. f4 Neg4 22. Bxg7+ Kxg7 23. Qc3+ Kg8 24. Nd2 b5 25. axb5 axb5 26. Bxg4 Nxg4 27. e5 c4 28. Nf3 Qc5+ 29.
Qd4 Rfc8 30. Ra1 Rb7 31. Ra6 cxb3 32. cxb3 dxe5 33. fxe5 Qxd4+ 34. Nxd4 Rc5 35. e6 Rxd5 36. Ra8+ Kg7 37.
exf7 Kxf7 38. Ne6 Ne5 39. Rxe5 Rxe5 40. Nd8+ Kf6 41. Nxb7 Re4 42. Ra6+ Kf5 43. Rb6 b4 44. Rb5+ Kf6 45.
Nc5 Rxh4 46. Na6 Rd4 47. Rxb4 Rd1+ 48. Kf2 Rd2+ 49. Kf3 Rd3+ 50. Ke2 Rg3 51. Kf2 Rc3 52. Rb6+ Kf5 53. b4 g5 54.
b5 h4 55. Rc6 Rb3 56. b6 g4 57. Nc5 g3+ 58. Ke2 Rb2+ 59. Kf1 Rf2+ 60. Kg1 Rc2 61. Kf1 Rf2+ 62. Kg1 Rc2 63. Kf1 Ke5 1/2-1/2

[Event "Schack-SM 2022: Mastarklassen"]
[Site "Fyrishov, Idrottsgatan 2, Uppsala, Sweden"]
[Date "2022.07.09"]
[Round "8.4"]
[White "Eriksson, Dan"]
[Black "Carlstrom, Niklas"]
[Result "1-0"]
[TimeControl "90 minutes for 40 moves + 30 minutes for the rest of the game + 30 seconds per move from move one."]
[WhiteFideId "1710095"]
[BlackFideId "1704648"]
[WhiteElo "2246"]
[BlackElo "2125"]

1. e4 e5 2. Nf3 Nc6 3. d4 exd4 4. Nxd4 Qf6 5. Be3 Bc5 6. c3 Qg6 7. Qf3 Nf6 8. Nb5 Bxe3 9. Qxe3 Kd8 10.
f3 Re8 11. Nd2 Nd5 12. Qc5 Nb6 13. O-O-O a6 14. Nd4 Nxd4 15. Qxd4 d6 16. Bd3 Qg5 17. e5 Qxe5 18. Qh4+ g5 19.
Qxh7 Be6 20. Rhe1 Qa5 21. a3 Na4 22. Qg7 Qb6 23. c4 Kc8 24. Bc2 Qa5 25. b4 Qb6 26. Bxa4 Rd8 27. Qc3 a5 28.
b5 Qf2 29. Ne4 Qxg2 30. Rd2 1-0

[Event "Schack-SM 2022: Mastarklassen"]
[Site "Fyrishov, Idrottsgatan 2, Uppsala, Sweden"]
[Date "2022.07.09"]
[Round "8.5"]
[White "Jogstad, Daniel"]
[Black "Johansson, Thomas"]
[Result "0-1"]
[TimeControl "90 minutes for 40 moves + 30 minutes for the rest of the game + 30 seconds per move from move one."]
[WhiteTitle "CM"]
[WhiteFideId "1718959"]
[BlackFideId "1708244"]
[WhiteElo "2057"]
[BlackElo "2231"]

1. e4 c6 2. d4 d5 3. exd5 cxd5 4. Bd3 Nc6 5. c3 Qc7 6. h3 Nf6 7. Nf3 g6 8. Qc2 Bg7 9. O-O O-O 10.
Re1 Nd7 11. Be3 e5 12. dxe5 Ndxe5 13. Nxe5 Nxe5 14. Bd4 Bd7 15. Na3 a6 16. Bf1 Rfe8 17. Qd2 Rac8 18. Rad1 Be6 19. Qg5 Nc6 20.
Nc2 Nxd4 21. Nxd4 Qb6 22. Nxe6 fxe6 23. Rd2 Qd6 24. h4 Qf8 25. Rde2 e5 26. h5 Qf5 27. Qxf5 gxf5 28. f4 e4 29.
Rd2 Red8 30. Red1 d4 31. cxd4 Rd5 32. Kf2 Kf8 33. Ke3 Ke7 34. g4 fxg4 35. Be2 Kd6 36. Bxg4 Rf8 37. Rc2 Bh6 38.
Rf1 Rg8 39. Bc8 Rg7 40. Kxe4 Rxh5 41. Rc5 Re7+ 42. Re5 Rh2 43. Rf3 Rxb2 44. Rb3 Rxb3 45. axb3 Bf8 46. f5 Bg7 47. Be6 b6 48.
Rd5+ Kc7 49. Kf4 Bf6 50. Kg4 Kc6 51. Re5 Bxe5 52. dxe5 Rxe6 53. fxe6 Kc7 0-1

[Event "Schack-SM 2022: Mastarklassen"]
[Site "Fyrishov, Idrottsgatan 2, Uppsala, Sweden"]
[Date "2022.07.09"]
[Round "8.6"]
[White "Lundberg, David"]
[Black "Tiger-Norqvist, Axel"]
[Result "0-1"]
[TimeControl "90 minutes for 40 moves + 30 minutes for the rest of the game + 30 seconds per move from move one."]
[WhiteFideId "1707051"]
[BlackFideId "1716816"]
[WhiteElo "2219"]
[BlackElo "2239"]

1. d4 Nf6 2. c4 g6 3. Nc3 Bg7 4. e4 O-O 5. f3 d6 6. Be3 c5 7. Nge2 Nc6 8. d5 Ne5 9. Ng3 h5 10.
Be2 h4 11. Nf1 e6 12. Bg5 exd5 13. Nxd5 Be6 14. Nfe3 Nxd5 15. Bxd8 Nxe3 16. Qc1 Bh6 17. Be7 Nxg2+ 18. Kf2 Bxc1 19.
Raxc1 Nf4 20. Bxf8 Nfd3+ 21. Bxd3 Nxd3+ 22. Ke3 Nxc1 23. Bxd6 Nxa2 24. Bxc5 Rc8 25. Bxa7 Rxc4 26. Rd1 Nb4 27.
Kf4 Nc6 28. Bf2 f6 0-1

[Event "Schack-SM 2022: Mastarklassen"]
[Site "Fyrishov, Idrottsgatan 2, Uppsala, Sweden"]
[Date "2022.07.09"]
[Round "8.8"]
[White "Pettersson, Tobias"]
[Black "Strom-Engdahl, Alexander"]
[Result "0-1"]
[TimeControl "90 minutes for 40 moves + 30 minutes for the rest of the game + 30 seconds per move from move one."]
[WhiteFideId "1705962"]
[BlackFideId "1741586"]
[WhiteElo "2027"]
[BlackElo "2077"]

1. Nf3 Nf6 2. c4 e6 3. g3 d5 4. b3 Be7 5. Bb2 O-O 6. Bg2 b6 7. O-O Bb7 8. e3 Nbd7 9. Qe2 a5 10.
Nc3 Nc5 11. Rfd1 dxc4 12. Ne5 Bxg2 13. Kxg2 cxb3 14. Nc6 Qd7 15. Nxe7+ Qxe7 16. Ba3 b2 17. Rab1 Qd7 18. d4 Nce4 19.
Nxe4 Nxe4 20. Qc2 Nd6 21. Rxb2 Rfd8 22. Rc1 Nb5 23. Qa4 Nxa3 24. Qxd7 Rxd7 25. Rc3 Re8 26. Rxa3 e5 27. dxe5 Rxe5 28.
Rc3 Kf8 29. Rbc2 c5 30. Rb2 Re6 31. Rc4 Ke7 32. h4 Kd8 33. a4 Kc7 34. Rf4 Kc6 35. Rc2 Rde7 36. Rcc4 b5 37. axb5+ Kxb5 38.
Rc1 Re4 39. Rf5 Rc4 40. Rd1 a4 41. Rd8 a3 42. Rb8+ Ka4 43. Ra8+ Kb3 44. Rd5 Rc3 45. Rd6 Rb7 46. Rda6 Kb2 47.
h5 c4 48. h6 gxh6 49. Kf3 Rcb3 50. Rc6 c3 51. Ke2 Rd7 52. Ra5 Rd2 53. Ke1 a2 54. Rca6 Kb1 0-1

[Event "Schack-SM 2022: Mastarklassen"]
[Site "Fyrishov, Idrottsgatan 2, Uppsala, Sweden"]
[Date "2022.07.08"]
[Round "7.6"]
[White "Tiger-Norqvist, Axel"]
[Black "Eriksson, Jorgen"]
[Result "1/2-1/2"]
[TimeControl "90 minutes for 40 moves + 30 minutes for the rest of the game + 30 seconds per move from move one."]
[WhiteFideId "1716816"]
[BlackFideId "1701967"]
[WhiteElo "2239"]
[BlackElo "2200"]

1. e4 c5 2. Nf3 Nc6 3. d4 cxd4 4. Nxd4 e5 5. Nf3 Nf6 6. Bc4 Bc5 7. O-O O-O 8. Nc3 h6 9. a3 a6 10.
b4 Ba7 11. Qd3 d6 12. Be3 b5 13. Ba2 Bg4 14. Bxa7 Rxa7 15. Nd5 Bxf3 16. Qxf3 Nxd5 17. Bxd5 Nd4 18. Qd3 Rc7 19. c3 Rxc3 20.
Qd1 Qb6 21. Kh1 Ne6 22. g3 Nc7 23. f4 Nxd5 24. Qxd5 exf4 25. Rxf4 Qc6 26. Qxc6 Rxc6 27. a4 Rc4 28. axb5 axb5 29.
Rd1 Rd8 30. Rd5 Rxb4 31. e5 Rxf4 32. gxf4 b4 33. exd6 b3 34. Kg2 b2 35. Rb5 Rxd6 36. Rxb2 Rd3 37. Rb8+ Kh7 38. Rb6 Re3 39.
Kf2 Ra3 40. Kg2 Re3 41. Kf2 Re6 42. Rb7 Rf6 43. Kg3 Kg6 44. Ra7 Rb6 45. Ra5 Rb3+ 46. Kg4 Rb4 47. h4 h5+ 48. Kg3 Rb3+ 49.
Kg2 Re3 50. Rg5+ Kh6 51. Rf5 f6 52. Ra5 Kg6 53. Rb5 Kh6 54. Ra5 Re7 55. Kf3 g6 56. Ra6 Kg7 57. Rb6 Kf7 58. Ra6 Rd7 59.
Rb6 Rd3+ 60. Ke4 Rh3 61. Rb7+ Kg8 62. Rb8+ Kg7 63. Rb7+ Kh6 64. Rb6 Rxh4 65. Rxf6 Kg7 66. Ra6 Rh1 67.
Ra7+ Kh6 68. Kf3 Rh3+ 69. Kg2 Rd3 70. Ra5 Kg7 71. f5 g5 72. Ra6 g4 73. Rg6+ Kf7 74. Rg5 Rh3 75. Rg6 Rf3 76.
Rg5 Rh3 77. Rg6 Ke7 78. Re6+ Kf8 79. Rh6 Kg7 80. Rg6+ Kf7 81. Rh6 h4 82. Rg6 Rg3+ 83. Kh2 Ke7 84. Rh6 Rh3+ 85. Kg2 Kf8 86.
Rg6 Rg3+ 87. Kh2 Kf7 88. Rh6 Rh3+ 89. Kg2 Rg3+ 1/2-1/2

[Event "Schack-SM 2022: Mastarklassen"]
[Site "Fyrishov, Idrottsgatan 2, Uppsala, Sweden"]
[Date "2022.07.08"]
[Round "7.7"]
[White "Styf, Josef"]
[Black "Mardell, Jimmy"]
[Result "0-1"]
[TimeControl "90 minutes for 40 moves + 30 minutes for the rest of the game + 30 seconds per move from move one."]
[WhiteFideId "1708279"]
[BlackFideId "1705610"]
[WhiteElo "2048"]
[BlackElo "2161"]

1. e4 c5 2. Nf3 e6 3. c3 Nc6 4. d4 d5 5. exd5 exd5 6. dxc5 Bxc5 7. Be2 Nf6 8. b4 Bd6 9. O-O Ne4 10.
Be3 O-O 11. Bd4 Re8 12. b5 Nxd4 13. cxd4 Bg4 14. h3 Bh5 15. a3 Qf6 16. g4 Bg6 17. Kg2 Rac8 18. Ra2 Qf4 19. Qb3 Nxf2 20.
Ne5 Rxe5 21. dxe5 Bxe5 22. Qxd5 Qh2+ 23. Kf3 Qxh3+ 0-1

[Event "Schack-SM 2022: Mastarklassen"]
[Site "Fyrishov, Idrottsgatan 2, Uppsala, Sweden"]
[Date "2022.07.08"]
[Round "7.8"]
[White "Joensson, Jacob"]
[Black "Carlstrom, Niklas"]
[Result "0-1"]
[TimeControl "90 minutes for 40 moves + 30 minutes for the rest of the game + 30 seconds per move from move one."]
[WhiteFideId "1726315"]
[BlackFideId "1704648"]
[WhiteElo "1947"]
[BlackElo "2125"]

1. d4 Nf6 2. c4 g6 3. Nc3 Bg7 4. e4 d6 5. Be2 O-O 6. Nf3 Nbd7 7. O-O e5 8. d5 Nc5 9. Qc2 a5 10.
Bg5 h6 11. Bh4 g5 12. Bg3 Nh5 13. Nd2 Nf4 14. b3 f5 15. f3 Nxe2+ 16. Nxe2 f4 17. Bf2 b6 18. a3 g4 19. b4 gxf3 20.
Nxf3 Nxe4 21. Bh4 Qe8 22. c5 Bf5 23. cxb6 cxb6 24. Qc7 axb4 25. axb4 Rc8 26. Qxb6 Rc2 27. Rfe1 Qg6 28. Be7 Rfc8 29.
Nh4 Qh5 30. Nxf5 Qxf5 31. Ra3 Rxe2 0-1

[Event "Schack-SM 2022: Mastarklassen"]
[Site "Fyrishov, Idrottsgatan 2, Uppsala, Sweden"]
[Date "2022.07.08"]
[Round "7.1"]
[White "Lind, Jan-Olov"]
[Black "Landgren, Andreas"]
[Result "1/2-1/2"]
[TimeControl "90 minutes for 40 moves + 30 minutes for the rest of the game + 30 seconds per move from move one."]
[BlackTitle "FM"]
[WhiteFideId "1701193"]
[BlackFideId "1704311"]
[WhiteElo "2173"]
[BlackElo "2224"]

1. e4 e5 2. Nf3 Nc6 3. Be2 Nf6 4. d3 d5 5. Nbd2 Bd6 6. c3 O-O 7. O-O h6 8. b4 Ne7 9. a3 Ng6 10.
Re1 c6 11. Bf1 Re8 12. g3 b6 13. Bb2 Bb7 14. Bg2 Qd7 15. Nf1 Rad8 16. Qc2 c5 17. N3d2 dxe4 18. dxe4 Bc6 19. Nc4 Ba4 20.
Qb1 Bc7 21. Nce3 Ne7 22. h4 Qe6 23. c4 Nc6 24. Nd5 Bd6 25. Nfe3 Nd4 26. Bxd4 cxd4 27. Nxf6+ Qxf6 28. Nd5 Qg6 29.
Qd3 Bc6 30. Rac1 b5 31. h5 Qxh5 32. cxb5 Bxd5 33. exd5 f5 34. Rc6 Bb8 35. Rec1 Qf7 36. Qc4 e4 37. Qxd4 Qxd5 38. Qxd5+ Rxd5 39.
R6c5 Rde5 40. Rxe5 Bxe5 41. Rd1 Kf7 42. Rd5 Ke6 43. Rc5 Rd8 44. Rc6+ Rd6 45. g4 g6 46. gxf5+ gxf5 47. Bh3 Rxc6 1/2-1/2

[Event "Schack-SM 2022: Mastarklassen"]
[Site "Fyrishov, Idrottsgatan 2, Uppsala, Sweden"]
[Date "2022.07.08"]
[Round "7.2"]
[White "Malmstig, Erik"]
[Black "Eriksson, Dan"]
[Result "1-0"]
[TimeControl "90 minutes for 40 moves + 30 minutes for the rest of the game + 30 seconds per move from move one."]
[WhiteTitle "FM"]
[WhiteFideId "1702866"]
[BlackFideId "1710095"]
[WhiteElo "2204"]
[BlackElo "2246"]

1. d4 d5 2. Nf3 Nf6 3. c4 e6 4. Nc3 c6 5. e3 Bd6 6. Bd3 Nbd7 7. O-O dxc4 8. Bxc4 b5 9. Bb3 b4 10.
Nb1 c5 11. a3 cxd4 12. axb4 e5 13. exd4 e4 14. Ne5 O-O 15. Bf4 Nxe5 16. dxe5 Bc7 17. exf6 Qxd1 18. Rxd1 Bxf4 19. fxg7 Kxg7 20.
Nc3 e3 21. Bd5 Rb8 22. b5 exf2+ 23. Kxf2 Re8 24. Kf3 Bxh2 25. g3 Rb6 26. Kg2 a6 27. Kxh2 axb5 28. Rf1 b4 29. Rxf7+ Kg6 30.
Rf2 Bb7 31. Bxb7 bxc3 32. Ra6 Rxa6 33. Bxa6 cxb2 34. Rxb2 Rd8 35. Kh3 Rd6 36. Bb7 Rd4 37. Rb6+ Kg5 38. Bf3 Rd3 39. Be4 Rd1 40.
Rb7 h6 41. Rb6 Kh5 42. Bf3+ 1-0

[Event "Schack-SM 2022: Mastarklassen"]
[Site "Fyrishov, Idrottsgatan 2, Uppsala, Sweden"]
[Date "2022.07.08"]
[Round "7.3"]
[White "Jogstad, Daniel"]
[Black "Crevatin, Leo"]
[Result "0-1"]
[TimeControl "90 minutes for 40 moves + 30 minutes for the rest of the game + 30 seconds per move from move one."]
[WhiteTitle "CM"]
[BlackTitle "CM"]
[WhiteFideId "1718959"]
[BlackFideId "1726307"]
[WhiteElo "2057"]
[BlackElo "2259"]

1. e4 c6 2. d4 d5 3. exd5 cxd5 4. Bd3 Nc6 5. c3 Qc7 6. h3 e6 7. Nf3 Bd6 8. O-O Nge7 9. Re1 O-O 10.
Qc2 h6 11. Nbd2 Bd7 12. Nf1 f6 13. b4 a6 14. Ne3 e5 15. Qb3 Be6 16. Be4 dxe4 17. Qxe6+ Kh8 18. dxe5 Bxe5 19. Nxe5 Nxe5 20.
c4 Nd3 21. Re2 Nf4 22. Qg4 h5 0-1

[Event "Schack-SM 2022: Mastarklassen"]
[Site "Fyrishov, Idrottsgatan 2, Uppsala, Sweden"]
[Date "2022.07.08"]
[Round "7.4"]
[White "Johnson, Daniel"]
[Black "Pettersson, Tobias"]
[Result "1-0"]
[TimeControl "90 minutes for 40 moves + 30 minutes for the rest of the game + 30 seconds per move from move one."]
[WhiteFideId "1721283"]
[BlackFideId "1705962"]
[WhiteElo "2191"]
[BlackElo "2027"]

1. d4 d6 2. c4 e5 3. d5 f5 4. e4 Nf6 5. Nc3 Be7 6. exf5 Bxf5 7. Bd3 Bxd3 8. Qxd3 O-O 9. Nf3 Nbd7 10.
Be3 Ng4 11. Ne4 Nxe3 12. fxe3 Bh4+ 13. Kd2 a5 14. Raf1 b6 15. g3 Be7 16. h4 Nc5 17. Qc2 Nxe4+ 18. Qxe4 Qd7 19. g4 Rf7 20.
b3 a4 21. b4 a3 22. b5 Ra4 23. Kd3 Rb4 24. Rf2 Qe8 25. Rhf1 g6 26. h5 Rf6 27. g5 Rf8 28. Nh4 Rxf2 29.
Rxf2 Rb2 30. Rf1 Bxg5 31. hxg6 hxg6 32. Nxg6 Kg7 33. Nf8 Qh5 34. Ne6+ Kh6 35. Rh1 Rh2 36. Rxh2 Qxh2 37. Nf8 Qh5 38.
Qh7# 1-0